 Dungeon Crawl Stone Soup version 0.16-a0-296-gbdb9f68 (webtiles) character file.

555 Kashira the Gusty (level 7, -4/36 HPs)
             Began as a Tengu Air Elementalist on Aug 28, 2014.
             Slain by an ice beast (10 damage)
             ... on Level 5 of the Dungeon.
             The game lasted 00:18:13 (4098 turns).

Kashira the Gusty (Tengu Air Elementalist)          Turns: 4098, Time: 00:18:14

HP  -4/36        AC  5     Str  8      XL: 7   Next: 30%
MP   0/18        EV 13     Int 17      God:
Gold 169         SH  0     Dex 15      Spells:  2 memorised, 11 levels left

rFire  . . .     SeeInvis +     h - -1 dagger (curse)
rCold  . . .     Clarity  .     a - +0 robe
rNeg   . . .     rCorr    .     (no shield)
rPois  .         rRot     .     (helmet restricted)
rElec  .         Spirit   .     (no cloak)
SustAb .         Warding  .     j - +2 pair of gloves
rMut   .         Stasis   .     (boots unavailable)
Gourm  .                        (no amulet)
MR     .....                    (no ring)
                                o - ring of see invisible

@: not resistant to hostile enchantments, unstealthy
A: able to fly, beak, talons 3
a: Fly


You were on level 5 of the Dungeon.
You were not hungry.

You visited 1 branch of the dungeon, and saw 5 of its levels.

You collected 169 gold pieces.

Inventory:

Hand weapons
 e - a +0 dagger
 h - a cursed -1 dagger (weapon)
 u - a +1 falchion of draining
 v - a +1 hand axe of freezing
 z - a +2 dagger of venom
Missiles
 g - 8 poisoned needles
 s - 4 javelins of penetration (quivered)
Armour
 a - a +0 robe (worn)
 j - a +2 pair of gloves (worn)
Magical devices
 r - a wand of digging (1)
Comestibles
 c - 2 bread rations
 k - 3 meat rations
 t - 2 fruits
 A - a royal jelly
Scrolls
 d - 4 scrolls of identify
 i - 2 scrolls of teleportation
 l - a scroll of remove curse {unknown}
 n - a scroll of blinking
 y - a scroll of magic mapping
Jewellery
 o - a ring of see invisible (left hand)
 w - a +1 ring of strength {unknown}
 D - the ring of Butasmot {Wiz rC+ Slay+6, unknown}
   (You found it on level 4 of the Dungeon)

   [ring of wizardry]

   It improves your spell success rate.
   It affects your accuracy and damage with ranged weapons and melee attacks
   (+6).
   It protects you from cold.
Potions
 f - 2 potions of restore abilities {unknown}
 m - a potion of curing {unknown}
 p - a potion of might {unknown}
 q - a potion of haste {unknown}
 x - a potion of lignification {unknown}
 B - a potion of agility
 C - 2 potions of heal wounds {unknown}
 E - a potion of flight {unknown}
Books
 b - a book of Air

   Spells                             Type                      Level
   *Shock                             Conjuration/Air              1
   *Swiftness                         Charms/Air                   2
   Repel Missiles                     Charms/Air                   2
   Flight                             Charms/Air                   3
   Static Discharge                   Conjuration/Air              3
   Lightning Bolt                     Conjuration/Air              5


   Skills:
 + Level 0.4 Throwing
 + Level 3.0 Dodging
 + Level 2.5 Stealth
 + Level 4.4 Spellcasting
 + Level 4.5 Conjurations
 + Level 6.9 Air Magic


You had 11 spell levels left.
You knew the following spells:

 Your Spells              Type           Power        Failure   Level  Hunger
a - Shock                 Conj/Air       ###.         1%          1    None
b - Swiftness             Chrm/Air       ###.....     6%          2    #......


Dungeon Overview and Level Annotations

Branches:
Dungeon (5/15)
 Temple: D:4-7

Altars:
Ashenzari
Gozag
Nemelex Xobeh
Trog
Xom
The Shining One


Innate Abilities, Weirdness & Mutations

You can fly.
You have a beak for a mouth.
You have claws for feet.


Message History

The ice beast hits you but does no damage.
You closely miss the ice beast. Your kick misses the ice beast.
You peck the ice beast, but do no damage.
The ice beast is heavily wounded.
The ice beast closely misses you.
You hit the ice beast but do no damage.
You claw the ice beast, but do no damage.
The ice beast is heavily wounded.
The ice beast hits you. The ice beast freezes you!
Casting: Shock
Confirm with . or Enter, or press ? or * to list all spells.
Aiming: Shock
Press: ? - help, Shift-Dir - straight line, f/p - ice beast
Aim: an ice beast (heavily wounded)
The zap hits the ice beast.
The ice beast is severely wounded.
The ice beast hits you.
* * * LOW HITPOINT WARNING * * *
The ice beast freezes you!
You die...

##.........,,,,,,,,,,,,,,,
##.............,,,,,,,,,,,, *
###...###.......).,,,,,,,,,,, ##
##...### *..........,,,,,,,,,*
.###...## **..........,,,,,,,,*
.....### *#.........,,,,,,,,*
....## *.........,,,,,,,,, ....#
*#........#**,,,,,, ....#
#@Y..)..#* **,,,,, .#..##
##....### *,,,,, ###..#
##...).### *,,,,, # #..##
#........###*,,,,, #...#
##..........#*,,,,, ##..#
#........#,,,,,,,,, #..##
####.......##,,,,,,,,, #
#...#####..........#*,,,,,,,,,
#####............)....#...,,,,,**


You could see an ice beast.

Vanquished Creatures
  A sky beast (D:3)
  A phantom (D:5)
  A centaur skeleton (D:4)
  2 orc wizards (D:3)
  Natasha (thrice) (D:3)
  3 worker ants
  Ijyb (D:4)
  8 adders
  A white imp (D:3)
  2 worms
  An adder zombie (D:5)
  3 giant geckos
  An ooze (D:1)
  13 orcs
  5 giant cockroaches
  7 hobgoblins
  5 kobolds
  11 bats
  5 giant newts
  8 goblins
  8 rats
90 creatures vanquished.

Notes
Turn   | Place    | Note
--------------------------------------------------------------
     0 | D:1      | Kashira, the Tengu Air Elementalist, began the quest for the Orb.
     0 | D:1      | Reached XP level 1. HP: 10/10 MP: 3/3
   161 | D:1      | Reached XP level 2. HP: 15/15 MP: 1/5
  1102 | D:2      | Reached XP level 3. HP: 19/19 MP: 2/7
  1611 | D:2      | Reached XP level 4. HP: 17/24 MP: 1/9
  2012 | D:2      | Reached skill level 5 in Air Magic
  2018 | D:2      | Found an opulent altar of Gozag.
  2419 | D:3      | Reached XP level 5. HP: 17/28 MP: 5/13
  2547 | D:3      | Noticed Natasha
  2553 | D:3      | Killed Natasha
  2707 | D:3      | Found a bloodstained altar of Trog.
  2708 | D:3      | Found a sparkling altar of Nemelex Xobeh.
  2708 | D:3      | Noticed Natasha
  2722 | D:3      | Killed Natasha
  2772 | D:3      | Noticed Natasha
  2775 | D:3      | Killed Natasha
  2885 | D:3      | Noticed a sky beast
  2904 | D:3      | Killed a sky beast
  2904 | D:3      | Reached skill level 6 in Air Magic
  2904 | D:3      | Reached XP level 6. HP: 17/32 MP: 13/15
  2991 | D:3      | Learned a level 2 spell: Swiftness
  3228 | D:4      | Noticed Ijyb
  3237 | D:4      | Killed Ijyb
  3303 | D:4      | Found a shimmering altar of Xom.
  3315 | D:4      | Found a glowing golden altar of the Shining One.
  3424 | D:4      | Got a brightly glowing iron ring
  3952 | D:5      | Entered Level 5 of the Dungeon
  3952 | D:5      | Found a shattered altar of Ashenzari.
  3986 | D:5      | Reached XP level 7. HP: 36/36 MP: 13/18
  4098 | D:5      | Slain by an ice beast

Action                   |  1- 3 |  4- 6 |  7- 9 || total
-------------------------+-------+-------+-------++-------
Melee: Unarmed           |     4 |       |       ||     4
       Dagger            |     4 |    16 |     4 ||    24
Throw: Javelin           |       |     4 |       ||     4
 Cast: Shock             |    70 |   129 |    32 ||   231
Evoke: Wand              |       |     1 |       ||     1
  Use: Scroll            |       |     2 |     2 ||     4
 Stab: Sleeping          |       |     1 |       ||     1
  Eat: Chunk             |     3 |     6 |     2 ||    11
